 Dungeon Crawl Stone Soup version 0.31-a0-303-gdc8c9485ea (webtiles) character file.

Game seed: 10964341692721449849

2 Hubjo the Changeling (level 1, -1/16 HPs)
             Began as a Demonspawn Shapeshifter on July 16, 2023.
             Slain by a gnoll
             ... wielding a +0 flail
              (5 damage)
             ... on level 1 of the Dungeon.
             The game lasted 00:00:13 (148 turns).

Hubjo the Changeling (Demonspawn Shapeshifter)       Turns: 148, Time: 00:00:14

Health: -1/16      AC:  2    Str: 15    XL:     1   Next: 33%
Magic:  1/1        EV: 12    Int:  9    God:
Gold:   15         SH:  0    Dex: 13    Spells: 0/0 levels left

rFire   . .          .
                       - Unarmed
rCold   . . .        (no shield)
rNeg    . . .        a - +0 animal skin
rPois   +            (helmet currently unavailable)
rElec   .            (cloak currently unavailable)
rCorr   .            (gloves currently unavailable)
SInv    .            (boots currently unavailable)
Will    .....        (no amulet)
Stlth   +            g - ring of poison resistance
HPRegen 0.22/turn    (no ring)
MPRegen 0.07/turn

%: no passive effects
@: beast-form
A: beast (slay +1)
a: Begin Untransformation


You were on level 1 of the Dungeon.
You were a hulking beast.
You visited 1 branch of the dungeon, and saw 1 of its levels.

You collected 15 gold pieces.

Inventory:

Armour
 a - a +0 animal skin (worn)
Jewellery
 g - a ring of poison resistance (left hand)
Talismans
 c - a beast talisman
Scrolls
 e - a scroll of brand weapon {unknown}
 f - 3 scrolls of amnesia {unknown}
Potions
 b - a potion of lignification
 d - a potion of curing {unknown}


   Skills:
 + Level 2.0 Fighting
 + Level 1.8 Dodging
 + Level 1.8 Unarmed Combat
 + Level 2.7 Shapeshifting


You couldn't memorise any spells.
You didn't know any spells.
Your spell library was empty.

Dungeon Overview and Level Annotations

Branches:
Dungeon (1/15)

Altars:


Message History

No target in view!
No target in view!
No target in view!
No target in view!
A gnoll comes into view. It is wielding a +0 flail.
The gnoll shouts!
g - a ring of poison resistance (left hand)
A gnoll is nearby!
A gnoll is nearby!
You hit the gnoll but do no damage. The gnoll hits you with a +0 flail!
Ouch! That really hurt!
You are too injured to fight recklessly!
You are too injured to fight recklessly!
You are too injured to fight recklessly!
You are too injured to fight recklessly!
You are too injured to fight recklessly!
You are too injured to fight recklessly!
You are too injured to fight recklessly!
You are too injured to fight recklessly!
You are too injured to fight recklessly!
You are too injured to fight recklessly!
You are too injured to fight recklessly!
You are too injured to fight recklessly!
You are too injured to fight recklessly!
You are too injured to fight recklessly!
You are too injured to fight recklessly!
You are too injured to fight recklessly!
You are too injured to fight recklessly!
You are too injured to fight recklessly!
You are too injured to fight recklessly!
You hit the gnoll.
The gnoll is lightly wounded.
You hit the gnoll.
The gnoll is moderately wounded.
The gnoll hits you with a +0 flail.
* * * LOW HITPOINT WARNING * * *
You hit the gnoll.
The gnoll is heavily wounded.
The gnoll hits you with a +0 flail.
You die...

## ########.# ...
#........ ###
#......#### .
#.........# #
#.####.#.## .
#.#.## # .. #.#..#
.... #. #.#.## ...
#. #.#h# .# #.
#.#g# ##
.#.####.#.#
######..#.#....#.#
........#.#.####.#
........#.#.## #.#
........#....# ..#
........###..# ###
........# #..#


You could see a gnoll.

Vanquished Creatures
  An endoplasm (D:1)
  2 ball pythons (D:1)
3 creatures vanquished.

Notes
Turn   | Place    | Note
-------+----------+-------------------------------------------
     0 | D:1      | Hubjo the Demonspawn Shapeshifter began the quest for the
                  | Orb.
     0 | D:1      | Reached XP level 1. HP: 16/16 MP: 1/1
   148 | D:1      | Slain by a gnoll

Illustrated notes

Levels and vault maps discovered:
D:1:      dpeg_arrival_tiny_b, layout_basic

Action                     || total
---------------------------++-------
  Melee: Unarmed           ||    12
 Armour: Animal skin       ||     2
  Dodge: Dodged            ||     3

Table legend: (Time is in decaauts)
 A = Elapsed time spent in this place.
 B = Non-inter-level travel time spent in this place.
 C = Inter-level travel time spent in this place.
 D = Time resting spent in this place.
 E = Time spent auto-exploring this place.
 F = Levels seen in this place.
 G = Mean time per level.
                   A        B        C        D        E       F      G
               +--------+--------+--------+--------+--------+-----+--------+
         Total |    146 |    146 |      0 |      0 |    120 |   1 |  146.0 |
       Dungeon |    146 |    146 |      0 |      0 |    120 |   1 |  146.0 |
               +--------+--------+--------+--------+--------+-----+--------+

Top non-repeatable levels by time:
     D:1: 146 daAuts
